 Dungeon Crawl Stone Soup version 0.30.1-11-g7821555f0a (webtiles) character file.

Game seed: 16512872101794053482

121 jagang the Slasher (level 5, -7/42 HPs)
             Began as a Human Monk on Jan 11, 2024.
             Mangled by an orc warrior
             ... wielding a +0 mace
              (13 damage)
             ... on level 3 of the Dungeon.
             The game lasted 00:03:16 (1829 turns).

jagang the Slasher (Human Monk)                     Turns: 1829, Time: 00:03:16

Health: -7/42      AC:  5    Str: 11    XL:     5   Next: 26%
Magic:  5/5        EV: 11    Int: 10    God:
Gold:   122        SH:  0    Dex: 18    Spells: 4/4 levels left

rFire   . . .        a - +0 falchion
rCold   . . .        d - orb {light}
rNeg    . . .        l - +0 ring mail
rPois   .            (no helmet)
rElec   .            (no cloak)
rCorr   .            (no gloves)
SInv    .            (no boots)
Will    .....        (no amulet)
Stlth   +            (no ring)
HPRegen 0.27/turn    (no ring)
MPRegen 0.09/turn

%: no passive effects
@: glowing
A: no striking features
a: no special abilities


You were on level 3 of the Dungeon.
You visited 1 branch of the dungeon, and saw 3 of its levels.

You collected 122 gold pieces.

Inventory:

Hand Weapons
 a - a +0 falchion (weapon)
Missiles
 h - 5 boomerangs (quivered)
 n - 4 poisoned darts
Armour
 d - an orb of light (worn)
 l - a +0 ring mail (worn)
Wands
 i - a wand of digging (2)
Scrolls
 b - a scroll of identify {unknown}
 f - a scroll of enchant weapon {unknown}
 k - a scroll of summoning {unknown}
 m - a scroll of torment {unknown}
Potions
 c - a potion of ambrosia
 g - a potion of magic {unknown}
 j - 2 potions of brilliance {unknown}


   Skills:
 * Level 3.8 Fighting
 * Level 3.9 Long Blades
 * Level 2.1 Armour
 - Level 3.0 Dodging
 + Level 1.3 Shields


You had 4 spell levels left.
You didn't know any spells.
Your spell library contained the following spells:

 Spells                   Type           Power      Damage    Failure   Level
 Fireball                 Conj/Fire      0%         3d3       100%        5
 Iskenderun's Battlesphe  Conj           0%         2d6       100%        5
 Conjure Ball Lightning   Conj/Air       0%         3x3d6     100%        6
 Orb of Destruction       Conj           0%         9d5       100%        7


Dungeon Overview and Level Annotations

Branches:
Dungeon (3/15)

Altars:


Message History

The orc wizard flickers and vanishes for a moment.
Press: ? - help, v - describe, . - travel
Here: an orc warrior, wielding a +0 mace and wearing a +0 plate armour (haloed)
The floor.
Okay, then.
Okay, then.
It was a potion of curing.
You feel better. The orc warrior completely misses you.
You barely miss the orc warrior.
The orc warrior hits you with a +0 mace.
The orc warrior hits you with a +0 mace!
You hit the orc warrior but do no damage.
The orc warrior hits you with a +0 mace.
* * * LOW HITPOINT WARNING * * *
You hit the orc warrior but do no damage.
The orc warrior barely misses you.
You hit the orc warrior but do no damage.
The orc warrior hits you with a +0 mace!
* * * LOW HITPOINT WARNING * * *
You feel better.
The orc warrior hits you with a +0 mace!
* * * LOW HITPOINT WARNING * * *
You feel better.
The orc warrior hits you with a +0 mace!
* * * LOW HITPOINT WARNING * * *
You feel better. The orc warrior barely misses you.
You barely miss the orc warrior. The orc warrior closely misses you.
You barely miss the orc warrior. The orc warrior closely misses you.
You hit the orc warrior.
The orc warrior is lightly wounded.
The orc warrior hits you with a +0 mace!
* * * LOW HITPOINT WARNING * * *
You hit the orc warrior but do no damage.
The orc warrior is lightly wounded.
The orc warrior hits you with a +0 mace.
* * * LOW HITPOINT WARNING * * *
You hit the orc warrior but do no damage.
The orc warrior is lightly wounded.
The orc warrior hits you with a +0 mace!
You die...

#. #.# .# #.###.##.#
#........###.#
###..#...#.....#
..........# ##.##...##
#..# #...oo## #..
#####o# #.. #@# #..
##'## #.# ##...## #
#.#### ##.....## #
#.##.## ##.....[.##
###.#...####.........#
...........'..†......+
#.......####.........#
#......## ##.......##


You could see an orc warrior, an orc wizard (invisible) and an orc.

Vanquished Creatures
  4 adders
  A gnoll (D:1)
  3 worms (D:2)
  3 dart slugs
  An orc (D:3)
  5 endoplasms
  4 giant cockroaches
  7 goblins
  5 hobgoblins
  4 jackals (D:1)
  5 kobolds
  2 quokkas
  4 ball pythons
  4 bats
  A frilled lizard (D:2)
  3 rats
56 creatures vanquished.

Notes
Turn   | Place    | Note
-------+----------+-------------------------------------------
     0 | D:1      | jagang the Human Monk began the quest for the Orb.
     0 | D:1      | Reached XP level 1. HP: 18/18 MP: 1/1
    38 | D:1      | Reached XP level 2. HP: 10/24 MP: 2/2
   274 | D:1      | Reached skill level 1 in Armour
   281 | D:1      | Reached XP level 3. HP: 10/29 MP: 3/3
   929 | D:2      | Reached XP level 4. HP: 30/35 MP: 4/4
  1029 | D:2      | Reached skill level 1 in Shields
  1487 | D:2      | Reached XP level 5. HP: 42/42 MP: 5/5
  1807 | D:3      | Noticed an orc warrior
  1821 | D:3      | HP: 2/42 [orc warrior/+0 mace (9)]
  1829 | D:3      | Mangled by an orc warrior

Illustrated notes

Levels and vault maps discovered:
D:1:      mainiacjoe_arrival_reflecting_pool, layout_loops_ring
D:2:      layout_loops_ring, kennysheep_generic_room_16
D:3:      layout_loops_corners, gammafunk_ghost_smash

Skill      XL: |  1  2  3  4 |
---------------+-------------+-----
Armour         | 1 2 |  2.1
Shields        | 1 |  1.3
Fighting       | |  3.8
Long Blades    | |  3.9
Dodging        | |  3.0

Action                     |  1- 3 |  4- 6 || total
---------------------------+-------+-------++-------
  Melee: Falchion          |    94 |    96 ||   190
    Use: Potion            |       |     4 ||     4
 Armour: Robe              |     9 |     2 ||    11
         Ring mail         |       |    22 ||    22
  Dodge: Dodged            |    72 |    56 ||   128
